AoeStats
← PhantomLord

Black Forest

504554898Analyzed
1v1 RM · 27d ago on Sep 5, 2026· 71m 21s· 2 players
Game mode
Random Map
Map size
Tiny (2 player)
Population
200
Speed
Normal
Resources
Standard
Victory
Conquest
Starting age
Dark Age
Ending age
Imperial Age
RankedLock teamsTeams togetherTeam positionsShared explorationLock speedFull tech treeHidden civsTurbo modeCheats
Victory
Defeat
🇹🇷 Khmer · Türkiye
997
+15
🇨🇦 Tatars · Canada
983
-15
Youngkilla123
1:09 Loom
10:58 Feudal Age
13:18 Wheelbarrow
14:47 Double-Bit Axe
15:42 Horse Collar
17:31 Town Watch
20:46 Castle Age
19:28 Fletching
19:41 Padded Archer Armor
21:32 Fishing Lines
23:35 Gold Mining
31:07 Imperial Age
31:48 Ballistics
33:25 Cavalier
37:45 Chemistry
37:41 Hand Cart
37:31 Heavy Plow
38:46 Scale Barding Armor
38:52 Forging
38:37 Bodkin Arrow
39:15 Bloodlines
38:25 Light Cavalry
39:09 Capped Ram
41:57 Chain Barding Armor
44:10 Bracer
44:46 Plate Barding Armor
43:45 Hussar
56:12 Scale Mail Armor
55:46 Elite Skirmisher
58:23 Sappers
58:40 Siege Ram
60:14 Leather Archer Armor
64:12 Ring Archer Armor
64:43 Elite Keshik
PhantomLord
13:25 Feudal Age
12:26 Loom
18:12 Castle Age
16:31 Horse Collar
16:56 Double-Bit Axe
18:26 Forging
19:07 Wheelbarrow
19:07 Bow Saw
23:35 Scale Barding Armor
24:32 Heavy Plow
29:33 Imperial Age
27:24 Scale Mail Armor
30:48 Iron Casting
31:11 Conscription
37:56 Hand Cart
38:29 Crop Rotation
39:08 Chemistry
38:05 Murder Holes
40:24 Double Crossbow
39:48 Elite Ballista Elephant
40:16 Elite Ballista Elephant
41:53 Chain Barding Armor
41:15 Pikeman
44:55 Plate Barding Armor
46:23 Blast Furnace
45:59 Gold Mining
53:48 Halberdier
54:49 Chain Mail Armor
56:23 Fletching
56:34 Padded Archer Armor
57:21 Gold Shaft Mining
56:41 Town Watch
57:33 Bodkin Arrow
57:08 Elite Skirmisher
58:35 Bracer
58:54 Leather Archer Armor
58:36 Elite Battle Elephant
59:18 Husbandry
59:30 Bloodlines
61:53 Ring Archer Armor
Connection lost

Rejoining the realm…

Still unreachable

The connection could not be restored.

Session expired

The server has moved on; the page needs a fresh start.